 Dungeon Crawl Stone Soup version 0.29-a0-598-gd8304a5bf4 (webtiles) character file.

Game seed: 11191640783485282042

725 vulpzor the Ruffian (level 7, -2/38 HPs)
             Began as a Vine Stalker Berserker on June 16, 2022.
             Was a Priest of Trog.
             Engulfed by a cloud of flame (6 damage)
             ... on level 5 of the Dungeon.
             The game lasted 00:13:38 (3891 turns).

vulpzor the Ruffian (Vine Stalker Berserker)        Turns: 3891, Time: 00:13:39

Health: -2/38      AC: 14    Str: 21    XL:     7   Next: 71%
Magic:  0/8        EV: 12    Int:  7    God:    Trog [***...]
Gold:   331        SH:  0    Dex: 14    Spells: 6/6 levels left

rFire   . . .      SeeInvis .     - Unarmed
rCold   . . .      Faith    .   (no shield)
rNeg    . . .      Spirit   +   h - +1 ring mail
rPois   .          Reflect  .   (no helmet)
rElec   .          Harm     .   (no cloak)
rCorr   .          Rampage  .   (no gloves)
Will    .....                   b - +2 pair of boots
Stlth   +.........              (no amulet)
HPRegen 0.92/turn               y - +4 ring of protection
MPRegen 0.11/turn               (no ring)

@: about to teleport
A: fangs 2, regeneration 1, magic shield, antimagic bite, no potion heal 2
a: Renounce Religion, Berserk, Trog's Hand


You were on level 5 of the Dungeon.
You worshipped Trog.
Trog was most pleased with you.
You visited 1 branch of the dungeon, and saw 5 of its levels.

You collected 331 gold pieces.

Inventory:

Hand Weapons
 j - a +0 club
Missiles
 c - 12 poisoned darts (quivered)
 o - 2 boomerangs of dispersal
 q - 2 silver boomerangs
 t - a throwing net
Armour
 a - a +0 animal skin
 b - a +2 pair of boots (worn)
 d - a +0 leather armour
 h - a +1 ring mail (worn)
 x - a +1 robe of cold resistance
Jewellery
 y - a +4 ring of protection (left hand)
Scrolls
 e - a scroll of enchant armour
 g - a scroll of identify
 i - a scroll of poison
 k - a scroll of fear
Potions
 f - a potion of flight
 l - a potion of haste
 m - 2 potions of heal wounds
 p - a potion of brilliance
 r - a potion of invisibility
 w - 2 potions of curing


   Skills:
 + Level 4.5 Fighting
 + Level 3.7 Armour
 + Level 3.6 Dodging
 + Level 5.0 Unarmed Combat


You had 6 spell levels left.
You didn't know any spells.
Your spell library was empty.

Dungeon Overview and Level Annotations

Branches:
Dungeon (5/15)             Temple (0/1) D:4

Altars:
Cheibriados
Elyvilon
Nemelex Xobeh
Yredelemnul
The Shining One

Shops:
D:1 [


Innate Abilities, Weirdness & Mutations

You have extremely sharp teeth.
Your natural rate of healing is unusually fast.
When hurt, damage is shared between your health and your magic reserves.
Your bite disrupts and absorbs the magic of your enemies.
Potions cannot restore your health.


Message History

Your gnoll shaman is poisoned.
Your gnoll is engulfed in poison gas.
Your gnoll is poisoned.
Your gnoll is engulfed in poison gas.
Your gnoll is poisoned.
As you read the scroll labelled RACSEES HOHOMEI, it crumbles to dust.
You feel strangely unstable.
It was a scroll of teleportation.
Your scorpion looks even sicker.
Your gnoll looks even sicker.
Your gnoll is poisoned.
Your gnoll is engulfed in poison gas.
Your gnoll looks even sicker.
As you read the scroll labelled TYXZUED QEVE, it crumbles to dust.
The creatures around you are filled with an inner flame!
It was a scroll of immolation.
Flame seeps out of your scorpion. Flame seeps out of your gnoll. x2
Your scorpion is engulfed in poison gas.
Your scorpion looks even sicker.
Flame seeps out of your scorpion.
Your gnoll shaman is engulfed in poison gas.
Your gnoll shaman looks even sicker.
Flame seeps out of your gnoll shaman.
Your gnoll looks even sicker.
Your gnoll is engulfed in poison gas.
Your gnoll looks even sicker.
Your gnoll's corpse dissolves into shadows!
Your gnoll explodes!
The fiery explosion engulfs your gnoll!!
Your gnoll's corpse dissolves into shadows!
The fiery explosion engulfs your gnoll!!
Your gnoll's corpse dissolves into shadows!
Your gnoll explodes! x2
The fiery explosion engulfs your gnoll shaman!!
Your gnoll shaman's corpse dissolves into shadows!
Your gnoll shaman explodes!
The fiery explosion engulfs you!!!
Ouch! That really hurt!
* * * LOW HITPOINT WARNING * * *
You're standing in a cloud of flame!
You are engulfed in blazing flames.
You die...

........##.##.###.....#
#..#..#.
.#####..##.##.........#
#..#..#. ...
.........#########
#.......
.#########.####
###########.### .# #.#
#...........# .# #.#
#.########### #.# #.#
§☼§#######☼#
§§§§§Js@§§§#
§§§#########


You could see a friendly scorpion (summoned, inner flame, very poisoned) and a
friendly jelly (summoned, inner flame).

Vanquished Creatures
  Grinder (D:3)
  A black bear (D:5)
  A necrophage (D:5)
  A scorpion (D:4)
  2 orc priests (D:3)
  3 orc wizards
  3 gnolls (D:2)
  5 adders
  An ufetubus (D:5)
  A worm (D:3)
  2 dart slugs
  12 orcs
  4 bats
  5 endoplasms
  9 goblins
  11 hobgoblins
  2 jackals (D:1)
  3 quokkas
  9 ball pythons
  5 frilled lizards
  7 kobolds
  7 rats
95 creatures vanquished.

Notes
Turn   | Place    | Note
-------+----------+-------------------------------------------
     0 | D:1      | vulpzor the Vine Stalker Berserker began the quest for the
                  | Orb.
     0 | D:1      | Reached XP level 1. HP: 11/11 MP: 2/2
    98 | D:1      | Reached XP level 2. HP: 4/16 MP: 3/3
   620 | D:1      | Found Zijin's Antique Armour Shop.
   968 | D:1      | Reached XP level 3. HP: 18/20 MP: 4/4
   968 | D:1      | Found a faded altar of an unknown god.
  1530 | D:2      | Gained mutation: Your natural rate of healing is unusually
                  | fast. [Vine Stalker growth]
  1530 | D:2      | Reached XP level 4. HP: 15/24 MP: 5/5
  1628 | D:2      | Reached ** piety under Trog
  2144 | D:3      | Reached XP level 5. HP: 27/28 MP: 4/6
  2259 | D:3      | Noticed Grinder
  2259 | D:3      | Paralysed by Grinder for 4 turns
  2274 | D:3      | Killed Grinder
  2275 | D:3      | Reached skill level 4 in Unarmed Combat
  2275 | D:3      | Reached XP level 6. HP: 23/33 MP: 5/7
  2500 | D:3      | Found a white marble altar of Elyvilon.
  2500 | D:3      | Found a snail-covered altar of Cheibriados.
  2508 | D:3      | Found a faded altar of an unknown god.
  2515 | D:3      | Found a glowing golden altar of the Shining One.
  2517 | D:3      | Found a basalt altar of Yredelemnul.
  3144 | D:4      | Reached XP level 7. HP: 37/37 MP: 8/8
  3300 | D:4      | Found a staircase to the Ecumenical Temple.
  3360 | D:4      | Found a sparkling altar of Nemelex Xobeh.
  3544 | D:5      | Entered Level 5 of the Dungeon
  3704 | D:5      | Reached *** piety under Trog
  3760 | D:5      | Reached skill level 5 in Unarmed Combat
  3891 | D:5      | Engulfed by a cloud of flame

Illustrated notes

Levels and vault maps discovered:
D:1:      minmay_arrival_arboretum_small, layout_loops_corners, serial_shops,
          shop_fountains, basic_ecumenical_altar, minmay_tall_x
D:2:      layout_loops_ring
D:3:      layout_loops_corners, chequers_temple_overflow_minitemple,
          uniq_grinder
D:4:      layout_rooms, nemelex_xobeh_ov_fountains_minmay,
          minmay_temple_entry_large_hall
D:5:      layout_loops_cross, minivault_5

Skill      XL: |  1  2  3  4  5  6  7 |
---------------+----------------------+-----
Fighting       | 3 4 |  4.5
Armour         | 2 3 |  3.7
Dodging        | 2 3 |  3.6
Unarmed Combat | 4 5 |  5.0

Action                   |  1- 3 |  4- 6 |  7- 9 || total
-------------------------+-------+-------+-------++-------
Melee: Unarmed           |    79 |   156 |    70 ||   305
       Bite              |    13 |    35 |    21 ||    69
       Punch             |     2 |     4 |     4 ||    10
Invok: Berserk           |     1 |       |       ||     1
       Trog's Hand       |       |     1 |       ||     1
  Use: Scroll            |     1 |       |    13 ||    14
 Stab: Sleeping          |     1 |       |       ||     1
Armor: Animal skin       |     3 |       |       ||     3
       Leather armour    |     9 |       |       ||     9
       Ring mail         |    15 |    66 |    25 ||   106
Dodge: Dodged            |    49 |    92 |    49 ||   190

Table legend: (Time is in decaauts)
 A = Elapsed time spent in this place.
 B = Non-inter-level travel time spent in this place.
 C = Inter-level travel time spent in this place.
 D = Time resting spent in this place.
 E = Time spent auto-exploring this place.
 F = Levels seen in this place.
 G = Mean time per level.
                   A        B        C        D        E       F      G
               +--------+--------+--------+--------+--------+-----+--------+
         Total |   3872 |   3872 |      0 |     64 |   2893 |   5 |  774.4 |
       Dungeon |   3872 |   3872 |      0 |     64 |   2893 |   5 |  774.4 |
               +--------+--------+--------+--------+--------+-----+--------+

Top non-repeatable levels by time:
     D:1: 1356 daAuts
     D:3: 998 daAuts
     D:2: 772 daAuts
     D:4: 403 daAuts
     D:5: 342 daAuts
